 Dungeon Crawl Stone Soup version 0.17-a0-1914-gde4187c (webtiles) character file.

406 musteatbrain the Chopper (level 6, 0/38 HPs)
             Began as a Gargoyle Fighter on Sept 27, 2015.
             Killed by nerve-wracking pain
             ... invoked by Grinder
              (8 damage)
             ... on level 5 of the Dungeon.
             The game lasted 00:13:52 (3879 turns).

musteatbrain the Chopper (Gargoyle Fighter)         Turns: 3879, Time: 00:13:52

Health: 0/38       AC: 11    Str: 25    XL:     6   Next: 87%
Magic:  6/6        EV:  7    Int:  9    God:
Gold:   260        SH:  9    Dex: 10    Spells: 0 memorised, 5 levels left

rFire  . . .     SeeInvis .     a - +0 war axe
rCold  . . .     Clarity  .     b - +0 scale mail
rNeg   + . .     SustAt   .     c - +0 shield
rPois  ∞         Gourm    .     (no helmet)
rElec  +         Spirit   .     (no cloak)
rCorr  .         Warding  .     (no gloves)
rMut   .         Stasis   .     (no boots)
MR     .....                    (no amulet)
Stlth  ..........               (no ring)
                                (no ring)

@: mighty, not resistant to hostile enchantments, extremely unstealthy
A: negative energy resistance 1, electricity resistance, unbreathing,
petrification resistance, rot immunity, AC +4
a: no special abilities


You were on level 5 of the Dungeon.
You were not hungry.

You visited 1 branch of the dungeon, and saw 5 of its levels.

You collected 260 gold pieces.

Inventory:

Hand weapons
 a - a +0 war axe (weapon)
Armour
 b - a +0 scale mail (worn)
 c - a +0 shield (worn)
Scrolls
 h - a scroll of magic mapping {unknown}
 j - a scroll of teleportation {unknown}
 l - 2 scrolls of amnesia
 m - a scroll of fog
 o - a scroll of remove curse {unknown}
 q - a scroll of recharging {unknown}
 r - a scroll of blinking {unknown}
 t - a scroll of enchant armour {unknown}
 w - 2 scrolls of fear
Potions
 d - 4 potions of might
 g - a potion of flight
 k - a potion of lignification
 n - a potion of brilliance
 u - a potion of haste
 v - a potion of magic
 z - a potion of agility
 A - a potion of curing {unknown}
Books
 x - a book of Debilitation

   Spells                             Type                      Level
   a - Corona                         Hexes                        1
   b - Slow                           Hexes                        2
   c - Gell's Gravitas                Hexes/Translocation          3
   d - Inner Flame                    Hexes/Fire                   3
   e - Cause Fear                     Hexes                        4
   f - Leda's Liquefaction            Hexes/Earth                  4
Comestibles
 e - 3 bread rations
 i - 4 meat rations
 p - 17 fruits
 s - a slice of pizza


   Skills:
 - Level 4.2 Fighting
 * Level 6.0 Axes
 - Level 3.2 Armour
 - Level 3.2 Shields


You had 5 spell levels left.
You didn't know any spells.

Dungeon Overview and Level Annotations

Branches:
Dungeon (5/15)             Temple (0/1) D:4

Altars:
Ashenzari
Dithmenos
Fedhas
Kikubaaqudgha
Makhleb

Annotations:
D:5 Grinder


Innate Abilities, Weirdness & Mutations

You are resistant to torment.
Your stone body is resilient (AC +4).
You are immune to poison.
You resist negative energy.
You are resistant to electric shocks.
You can survive without breathing.
You are immune to petrification.
You are immune to rotting.


Message History

* * * LOW HITPOINT WARNING * * *
You are too injured to fight recklessly!
You are too injured to fight recklessly!
You closely miss Grinder.
Grinder is heavily wounded.
Grinder gestures.
Grinder blinks!
Grinder closely misses you.
You hit Grinder.
Grinder is severely wounded.
You block Grinder's attack.
You hit Grinder.
Grinder is severely wounded.
Grinder hits you but does no damage.
You closely miss Grinder.
Grinder is severely wounded.
Grinder gestures.
Grinder blinks!
Grinder gestures at you. Pain shoots through your body!
You die...

.....'....#.......#
.....#....#.......#
+##+####..#.......###
..###+#.....# ....
#.....+ ..... #.....#
..... #.....#
......+.....# #.@...#
#.....# #.....#
#.....# #.....#
#.5...# +.....#
#.....# #.....#


You could see Grinder.

Vanquished Creatures
  An orc priest (D:4)
  A jelly (D:5)
  A giant frog skeleton (D:4)
  An orc wizard (D:4)
  A giant frog zombie (D:5)
  A hound (D:4)
  4 worker ants
  An iguana (D:4)
  A worker ant zombie (D:5)
  3 adders
  An ooze (D:3)
  2 worms
  3 giant geckos (D:1)
  3 orcs
  A ball python (D:4)
  8 giant cockroaches
  6 hobgoblins
  3 jackals (D:1)
  3 quokkas
  7 bats
  A giant gecko skeleton (D:4)
  3 giant newts
  7 goblins
  A jackal skeleton (D:4)
  8 kobolds
  5 rats
77 creatures vanquished.

Notes
Turn   | Place    | Note
--------------------------------------------------------------
     0 | D:1      | musteatbrain the Gargoyle Fighter began the quest for the Orb.
     0 | D:1      | Reached XP level 1. HP: 14/14 MP: 1/1
   116 | D:1      | Reached XP level 2. HP: 19/19 MP: 2/2
   622 | D:1      | Reached XP level 3. HP: 24/24 MP: 3/3
  1051 | D:2      | Reached skill level 4 in Fighting
  1489 | D:2      | Found a shattered altar of Ashenzari.
  1850 | D:3      | Reached XP level 4. HP: 29/29 MP: 4/4
  2030 | D:3      | Found a blossoming altar of Fedhas.
  2033 | D:3      | Found a shadowy altar of Dithmenos.
  2183 | D:3      | Found a burning altar of Makhleb.
  2731 | D:4      | Reached XP level 5. HP: 31/33 MP: 5/5
  2743 | D:4      | Found a staircase to the Ecumenical Temple.
  2960 | D:4      | Reached skill level 5 in Axes
  2960 | D:4      | Reached XP level 6. HP: 10/38 MP: 6/6
  3575 | D:5      | Entered Level 5 of the Dungeon
  3617 | D:5      | Found an ancient bone altar of Kikubaaqudgha.
  3820 | D:5      | Reached skill level 6 in Axes
  3850 | D:5      | Noticed Grinder
  3858 | D:5      | Paralysed by Grinder for 7 turns
  3879 | D:5      | Killed from afar by Grinder

Vault maps used:
D:1:      dpeg_arrival_solitude
D:2:      nicolae_overflow_hidden_temple, dk_vineyard_2
D:3:      grunt_temple_overflow_open, first_bread, serial_curves,
          eino_curves_02, eino_curves_01, bloody_makhleb
D:4:      temple_statues, nrook_loot_triangle, st_stairs_14,
          nicolae_underground_beach
D:5:      kiku_gazebo_garden_becter, uniq_grinder

Action                   |  1- 3 |  4- 6 || total
-------------------------+-------+-------++-------
Melee: War axe           |   130 |   156 ||   286
  Use: Potion            |       |     4 ||     4
       Scroll            |       |     8 ||     8
  Eat: Fruit             |     2 |     5 ||     7
       Chunk             |     1 |     1 ||     2
       Royal jelly       |       |     1 ||     1
